 Dungeon Crawl Stone Soup version 0.30.0-18-gc0e69614cb (webtiles) character file.

Game seed: 16223485509491774286

3535 zazu2006 the Magician (level 10, -2/74 HPs)
             Began as a Gnoll Wanderer on May 23, 2023.
             Was a Follower of Vehumet.
             Killed from afar by Erica (7 damage)
             ... with a lance of force
             ... on level 9 of the Dungeon.
             The game lasted 00:26:40 (9678 turns).

zazu2006 the Magician (Gnoll Wanderer)              Turns: 9678, Time: 00:26:41

Health: -2/74      AC:  6    Str: 13    XL:     10   Next: 8%
Magic:  20/20      EV: 14    Int: 12    God:    Vehumet [*.....]
Gold:   433        SH:  6    Dex: 14    Spells: 22/23 levels left

rFire   . . .        G - +0 spear (flame)
rCold   . . .        d - +0 buckler
rNeg    . . .        c - +0 robe
rPois   .            o - +0 helmet
rElec   .            (no cloak)
rCorr   .            S - +2 pair of gloves
SInv    .            (no boots)
Will    .....        H - amulet of magic regeneration
Stlth   +++          g - +4 ring of slaying
HPRegen 0.32/turn    D - ring of wizardry
MPRegen 0.57/turn

%: wizardry (x1)
@: slowed, very slow
A: fangs 1, strong nose, distributed training
a: Renounce Religion


You were on level 9 of the Dungeon.
You worshipped Vehumet.
Vehumet was aware of your devotion.
You visited 2 branches of the dungeon, and saw 10 of its levels.
You also visited: Ossuary.

You collected 433 gold pieces.

Inventory:

Hand Weapons
 a - a +0 dagger
 G - a +0 spear of flaming (weapon)
Armour
 c - a +0 robe (worn)
 d - a +0 buckler (worn)
 n - an orb of guile
 o - a +0 helmet (worn)
 C - a +2 chain mail of poison resistance
 S - a +2 pair of gloves (worn)
Magical Staves
 p - a staff of conjuration
 J - a staff of poison
Jewellery
 g - a +4 ring of slaying (left hand)
 w - an amulet of faith
 B - a +6 ring of dexterity
 D - a ring of wizardry (right hand)
 F - a +6 ring of dexterity
 H - an amulet of magic regeneration (around neck)
 M - a ring of willpower
Wands
 m - a wand of roots (9)
 r - a wand of charming (3)
 I - a wand of flame (36)
 N - a wand of mindburst (8)
Scrolls
 e - 4 scrolls of poison {unknown}
 f - 5 scrolls of teleportation
 h - 2 scrolls of amnesia {unknown}
 i - 3 scrolls of blinking
 j - 3 scrolls of brand weapon
 q - 2 scrolls of fog {unknown}
 s - 2 scrolls of enchant weapon {unknown}
 v - a scroll of magic mapping {unknown}
 y - a scroll of noise {unknown}
 E - 2 scrolls of vulnerability {unknown}
 L - 2 scrolls of identify
 O - a scroll of torment {unknown}
 P - a scroll of acquirement {unknown}
 Q - a scroll of butterflies {unknown}
Potions
 b - 3 potions of curing
 k - a potion of attraction
 l - a potion of berserk rage {unknown}
 t - 3 potions of brilliance
 u - a potion of cancellation
 x - 4 potions of might {unknown}
 z - 2 potions of flight
 A - a potion of lignification
 K - a potion of mutation {unknown}
 R - a potion of haste {unknown}


   Skills:
 + Level 5.1 Fighting
 + Level 5.1 Short Blades
 + Level 5.1 Long Blades
 + Level 5.1 Axes
 + Level 5.1 Maces & Flails
 + Level 5.1 Polearms
 + Level 5.1 Staves
 + Level 5.1 Ranged Weapons
 + Level 5.8 Throwing
 + Level 5.1 Armour
 + Level 5.8 Dodging
 + Level 5.1 Stealth
 + Level 6.9 Shields
 + Level 5.1 Unarmed Combat
 + Level 7.2 Spellcasting
 + Level 4.2 Conjurations
 + Level 4.2 Hexes
 + Level 4.8 Summonings
 + Level 4.2 Necromancy
 + Level 4.2 Translocations
 + Level 4.2 Transmutations
 + Level 4.2 Fire Magic
 + Level 7.0 Ice Magic
 + Level 4.2 Air Magic
 + Level 4.2 Earth Magic
 + Level 4.2 Poison Magic
 + Level 5.6 Invocations
 + Level 5.1 Evocations


You had 22 spell levels left.
You knew the following spells:

 Your Spells              Type           Power      Damage    Failure   Level
a - Freeze                Ice            84%        1d9       1%          1

Your spell library contained the following spells:

 Spells                   Type           Power      Damage    Failure   Level
 Shock                    Conj/Air       56%        1d6       1%          1
 Summon Small Mammal      Summ           60%        N/A       1%          1
 Ozocubu's Armour         Ice            21%        N/A       1%          3
 Call Canine Familiar     Summ           15%        N/A       3%          3
 Summon Guardian Golem    Hex/Summ       15%        N/A       4%          3
 Summon Ice Beast         Ice/Summ       18%        N/A       8%          4


Dungeon Overview and Level Annotations

Branches:
Dungeon (9/15)             Temple (1/1) D:6            Lair (0/5) D:9
Ossuary (visited)
    Orc: D:9-12

Altars:
Ashenzari
Cheibriados
Dithmenos
Elyvilon
Fedhas
Gozag
Hepliaklqana
Kikubaaqudgha
Makhleb
Nemelex Xobeh
Okawaru
Qazlal
Ru
Sif Muna
Trog
Uskayaw
Vehumet
Wu Jian
Xom
Yredelemnul
Zin
The Shining One

Shops:
D:1 [

Annotations:
D:5 2 transporters, cheesebisquit's ghost, novice AtWr
D:8 1 runed translucent door, hattop's ghost, novice SpHs
D:9 Erica


Innate Abilities, Weirdness & Mutations

You have very sharp teeth.
Your uncanny sense of smell can sniff out nearby items.
Your experience applies equally to all skills.


Message History

Nothing appears to happen.
Something barely misses you. Something hits you. Something burns you.
Unknown command.
Aiming: Mindburst
Press: ? - help, Shift-Dir - straight line, f/p - orc wizard
Aim: an orc wizard, wielding a +1 dagger of protection and wearing a +0 robe (chance to affect: 82%) Nothing appears to happen.
Something hits you! Something burns you. The orc wizard casts a spell at you.
The puff of flame hits something.
Aiming: Mindburst
Press: ? - help, Shift-Dir - straight line, f/p - orc wizard
Aim: an orc wizard, wielding a +1 dagger of protection and wearing a +0 robe (chance to affect: 82%) Nothing appears to happen.
Something hits you!
* * * LOW HITPOINT WARNING * * *
Something burns you.
* * * LOW HITPOINT WARNING * * *
You hear some strange, mumbled words.
A lance of force appears from out of thin air!
The lance of force hits you!
* * * LOW HITPOINT WARNING * * *
You are knocked back by the lance of force.
Aiming: Mindburst
Press: ? - help, Shift-Dir - straight line, f/p - orc wizard
Aim: an orc wizard, wielding a +1 dagger of protection and wearing a +0 robe (chance to affect: 82%) Something's mind is blasted!
Unknown command.
Aiming: Mindburst
Press: ? - help, Shift-Dir - straight line, f/p - orc wizard
Aim: an orc wizard, wielding a +1 dagger of protection and wearing a +0 robe (chance to affect: 82%) Nothing appears to happen.
Something tries to affect you, but you resist.
Unknown command.
Aiming: Mindburst
Press: ? - help, Shift-Dir - straight line, f/p - orc wizard
Aim: an orc wizard, wielding a +1 dagger of protection and wearing a +0 robe (chance to affect: 82%) Nothing appears to happen.
You hear some strange, mumbled words.
A lance of force appears from out of thin air!
The lance of force hits you!
You die...

######### #.......#
#########.......# ##
#####.@..{.o........#
#.###.###.###.###.......# ##
..............##{......## #..
#.###.###)##...........##
#.#.......).).#.#..........#
#...##.###)##...#........)..
###.#.#.......#.#.#......#..##
...#...##.##...#...###.......
#.#.#.#.#...#.#.#.### #...##..


You could see an orc wizard.

Vanquished Creatures
  A hornet (D:7)
  A yak (D:6)
  2 wyverns
  An orc warrior (D:6)
  3 ogres
  2 sky beasts (D:8)
  2 phantoms (D:5)
  3 centaurs
  2 kobold brigands
  3 elf zombies (Ossuary)
  2 bullfrogs
  A gnoll sergeant (D:5)
  A scorpion (D:4)
  6 killer bees (D:8)
  An electric eel (D:8)
  4 howler monkeys
  A centaur zombie (Ossuary)
  3 human zombies (Ossuary)
  4 orc priests
  2 hounds (D:5)
  An iguana (D:5)
  A sleepcap (D:5)
  9 orc wizards
  A mummy (Ossuary)
  5 gnolls
  12 adders
  An adder zombie (Ossuary)
  3 dart slugs
  16 orcs
  10 ball pythons
  8 bats
  8 endoplasms
  4 giant cockroaches (D:1)
  9 goblins
  7 hobgoblins
  2 jackals (D:4)
  18 kobolds
  6 quokkas
  A frilled lizard (D:1)
  6 hobgoblin zombies (Ossuary)
  2 jackal zombies (Ossuary)
  7 kobold zombies (Ossuary)
  12 orc zombies (Ossuary)
  5 rats
  A rat zombie (Ossuary)
200 creatures vanquished.

Vanquished Creatures (collateral kills)
  An ice beast (D:7)
1 creature vanquished.

Vanquished Creatures (others)
  A centaur zombie (Ossuary)
  A mummy (Ossuary)
2 creatures vanquished.

Grand Total: 203 creatures vanquished

Notes
Turn   | Place    | Note
-------+----------+-------------------------------------------
     0 | D:1      | zazu2006 the Gnoll Wanderer began the quest for the Orb.
     0 | D:1      | zazu2006 set off with the following items: a +0 dagger, a
                  | potion of curing, a +0 robe, a +0 buckler; and the
                  | following spells available to memorise: Freeze, Ozocubu's
                  | Armour, Summon Small Mammal, Summon Guardian Golem, Summon
                  | Ice Beast.
     0 | D:1      | Reached XP level 1. HP: 13/13 MP: 6/6
    25 | D:1      | Learned a level 1 spell: Freeze
   106 | D:1      | Reached XP level 2. HP: 19/19 MP: 5/7
   518 | D:1      | Reached skill level 5 in Spellcasting
   518 | D:1      | Reached XP level 3. HP: 25/25 MP: 5/9
   576 | D:1      | Found Ehoudwac's Antique Armour Boutique.
   832 | D:1      | Reached skill level 1 in Invocations
  1169 | D:2      | Reached skill level 1 in Fighting
  1169 | D:2      | Reached skill level 1 in Short Blades
  1169 | D:2      | Reached skill level 1 in Long Blades
  1169 | D:2      | Reached skill level 1 in Axes
  1169 | D:2      | Reached skill level 1 in Maces & Flails
  1169 | D:2      | Reached skill level 1 in Polearms
  1169 | D:2      | Reached skill level 1 in Staves
  1169 | D:2      | Reached skill level 1 in Ranged Weapons
  1169 | D:2      | Reached skill level 1 in Armour
  1169 | D:2      | Reached skill level 1 in Stealth
  1169 | D:2      | Reached skill level 1 in Unarmed Combat
  1169 | D:2      | Reached skill level 1 in Evocations
  1744 | D:2      | Reached XP level 4. HP: 32/32 MP: 9/11
  2044 | D:3      | Reached skill level 1 in Conjurations
  2044 | D:3      | Reached skill level 1 in Hexes
  2044 | D:3      | Reached skill level 1 in Necromancy
  2044 | D:3      | Reached skill level 1 in Translocations
  2044 | D:3      | Reached skill level 1 in Transmutations
  2044 | D:3      | Reached skill level 1 in Fire Magic
  2044 | D:3      | Reached skill level 1 in Air Magic
  2044 | D:3      | Reached skill level 1 in Earth Magic
  2044 | D:3      | Reached skill level 1 in Poison Magic
  2083 | D:3      | Reached XP level 5. HP: 28/37 MP: 1/12
  2773 | D:4      | Found a sand-covered staircase.
  2792 | Ossuary  | Entered an ossuary
  3001 | Ossuary  | Reached XP level 6. HP: 43/44 MP: 13/13
  3096 | Ossuary  | Reached skill level 5 in Shields
  3881 | Ossuary  | Reached XP level 7. HP: 49/50 MP: 15/15
  4911 | D:5      | Entered Level 5 of the Dungeon
  5307 | D:5      | Reached XP level 8. HP: 58/58 MP: 13/16
  5522 | D:5      | Found a transporter.
  5896 | D:5      | Found a transporter.
  5900 | D:5      | Noticed cheesebisquit's ghost (novice AtWr)
  6380 | D:6      | Noticed a yak
  6422 | D:6      | Found a staircase to the Ecumenical Temple.
  6433 | Temple   | Entered the Ecumenical Temple
  6974 | D:6      | Found an ancient bone altar of Kikubaaqudgha.
  7052 | D:6      | Found a radiant altar of Vehumet.
  7054 | D:6      | Found a broken altar of Ashenzari.
  7058 | D:6      | Found a blossoming altar of Fedhas.
  7059 | D:6      | Found an iron altar of Okawaru.
  7060 | D:6      | Became a worshipper of Vehumet
  7063 | D:6      | Found a stormy altar of Qazlal.
  7064 | D:6      | Found a hazy altar of Hepliaklqana.
  7068 | D:6      | Found a burning altar of Makhleb.
  7071 | D:6      | Found a glowing silver altar of Zin.
  7074 | D:6      | Found a basalt altar of Yredelemnul.
  7107 | D:6      | Reached XP level 9. HP: 57/65 MP: 18/18
  7660 | D:7      | Reached skill level 5 in Throwing
  7660 | D:7      | Reached skill level 5 in Dodging
  7776 | D:7      | Noticed a hornet
  8012 | D:7      | Killed a hornet
  8250 | D:8      | You fall into a shaft and drop 1 floor!
  8250 | D:9      | Found a staircase to the Lair.
  8283 | D:8      | Reached skill level 5 in Invocations
  8328 | D:8      | Reached * piety under Vehumet
  8328 | D:8      | Offered knowledge of Shock by Vehumet.
  9029 | D:8      | Found a runed translucent door.
  9029 | D:8      | Noticed hattop's ghost (novice SpHs)
  9161 | D:9      | Reached skill level 5 in Fighting
  9161 | D:9      | Reached skill level 5 in Short Blades
  9161 | D:9      | Reached skill level 5 in Long Blades
  9161 | D:9      | Reached skill level 5 in Axes
  9161 | D:9      | Reached skill level 5 in Maces & Flails
  9161 | D:9      | Reached skill level 5 in Polearms
  9161 | D:9      | Reached skill level 5 in Staves
  9161 | D:9      | Reached skill level 5 in Ranged Weapons
  9161 | D:9      | Reached skill level 5 in Armour
  9161 | D:9      | Reached skill level 5 in Stealth
  9161 | D:9      | Reached skill level 5 in Unarmed Combat
  9161 | D:9      | Reached skill level 5 in Evocations
  9161 | D:9      | Reached XP level 10. HP: 40/74 MP: 18/20
  9645 | D:9      | Noticed Erica
  9678 | D:9      | Killed from afar by Erica

Illustrated notes

Levels and vault maps discovered:
D:1:      minmay_arrival_wavy_path, layout_loops_ring, serial_shops, shop
D:2:      layout_basic, minivault_27, minivault_5
D:3:      minmay_chambers_of_threes, layout_rooms, minmay_misc_feat_five,
          minmay_crystal_water
D:4:      layout_basic, nicolae_ossuary_entry_plus,
          chequers_serial_rivers_small_3
D:5:      layout_cave_pods, gammafunk_ghost_arena
D:6:      layout_cave_pools, nicolae_overflow_hallway_of_the_gods,
          lemuel_crystal_altar, minmay_temple_entry_glass, kb_rosetta
D:7:      layout_cave_pools
D:8:      layout_basic, gammafunk_ghost_grave
D:9:      hellmonk_crumbling_castle, layout_rooms,
          nicolae_concentric_dashed_squares_wild, dk_noncrumbling_2, uniq_erica
Temple:   hellmonk_temple_flake

Skill      XL: |  1  2  3  4  5  6  7  8  9 10 |
---------------+-------------------------------+-----
Summonings     | 2 3 4 |  4.8
Spellcasting   | 5 6 7 |  7.2
Invocations    | 1 2 3 4 5 |  5.6
Fighting       | 1 2 3 5 |  5.1
Short Blades   | 1 2 3 5 |  5.1
Long Blades    | 1 2 3 5 |  5.1
Axes           | 1 2 3 5 |  5.1
Maces & Flails | 1 2 3 5 |  5.1
Polearms       | 1 2 3 5 |  5.1
Staves         | 1 2 3 5 |  5.1
Ranged Weapons | 1 2 3 5 |  5.1
Armour         | 1 2 3 5 |  5.1
Stealth        | 1 2 3 5 |  5.1
Unarmed Combat | 1 2 3 5 |  5.1
Evocations     | 1 2 3 5 |  5.1
Conjurations   | 1 2 3 4 |  4.2
Hexes          | 1 2 3 4 |  4.2
Necromancy     | 1 2 3 4 |  4.2
Translocations | 1 2 3 4 |  4.2
Transmutations | 1 2 3 4 |  4.2
Fire Magic     | 1 2 3 4 |  4.2
Air Magic      | 1 2 3 4 |  4.2
Earth Magic    | 1 2 3 4 |  4.2
Poison Magic   | 1 2 3 4 |  4.2
Throwing       | 3 4 5 |  5.8
Dodging        | 3 4 5 |  5.8
Shields        | 5 6 |  6.9
Ice Magic      | 6 7 |  7.0

Action                     |  1- 3 |  4- 6 |  7- 9 | 10-12 || total
---------------------------+-------+-------+-------+-------++-------
  Melee: Dagger            |    18 |   171 |    53 |       ||   242
         Bite              |       |    20 |    19 |     2 ||    41
         Spear             |       |       |   129 |    11 ||   140
  Throw: Throwing net      |       |       |     1 |       ||     1
   Cast: Freeze            |    55 |    66 |   167 |    37 ||   325
  Evoke: Wand              |       |     5 |     9 |     8 ||    22
    Use: Scroll            |       |       |     8 |     1 ||     9
         Potion            |       |       |     7 |     1 ||     8
   Stab: Sleeping          |     1 |     1 |     6 |       ||     8
         Distracted        |       |     1 |       |       ||     1
         Held in net/web   |       |       |     1 |       ||     1
 Armour: Robe              |     9 |    53 |    40 |    10 ||   112
         Skin              |       |       |    73 |       ||    73
  Dodge: Dodged            |    33 |   138 |   141 |    47 ||   359
  Block: Buckler           |    15 |    59 |    77 |    21 ||   172
